 Dungeon Crawl Stone Soup version 0.29.1-2-gbd0b4ee654 (webtiles) character file.

Game seed: 345054007813029867

132 raph the Firebug (level 5, -1/23 (28) HPs)
             Began as a Tengu Fire Elementalist on Nov 26, 2022.
             Slain by Edmund
             ... wielding a +0 dire flail of draining
              (6 damage)
             ... on level 4 of the Dungeon.
             The game lasted 00:05:15 (3593 turns).

raph the Firebug (Tengu Fire Elementalist)          Turns: 3593, Time: 00:05:16

HP:   -1/23 (28)    AC:  3    Str:  8    XL:     5   Next: 15%
MP:   7/9           EV: 14    Int: 18    God:
Gold: 141           SH:  0    Dex: 14    Spells: 2/8 levels left

rFire   . . .      SeeInvis .   a - +1 long sword
rCold   . . .      Faith    .   (no shield)
rNeg    . . .      Spirit   .   j - +1 robe
rPois   .          Reflect  .   (helmet restricted)
rElec   .          Harm     .   (no cloak)
rCorr   .          Rampage  .   (no gloves)
Will    .....                   (boots unavailable)
Stlth   ++........              (no amulet)
HPRegen 0.07/turn               (no ring)
MPRegen 0.11/turn               (no ring)

@: flying quickly and evasively, very slightly contaminated, heavily drained,
quick
A: beak, talons 3, nimble flight
a: no special abilities


You were on level 4 of the Dungeon.
You visited 1 branch of the dungeon, and saw 4 of its levels.

You collected 141 gold pieces.

Inventory:

Hand Weapons
 a - a +1 long sword (weapon)
 d - a +0 dagger
Missiles
 q - 4 poisoned darts
Armour
 j - a +1 robe (worn)
Jewellery
 k - an amulet of regeneration
Scrolls
 c - 2 scrolls of identify
 f - a scroll of magic mapping {unknown}
 h - a scroll of butterflies {unknown}
 n - a scroll of enchant armour
 o - 3 scrolls of teleportation {unknown}
Potions
 b - a potion of magic
 e - a potion of mutation {unknown}
 g - a potion of brilliance {unknown}
 i - 2 potions of heal wounds {unknown}
 l - a potion of attraction {unknown}
 m - a potion of berserk rage {unknown}
 p - a potion of haste {unknown}


   Skills:
 - Level 2.1 Dodging
 - Level 2.0 Stealth
 + Level 2.2 Spellcasting
 + Level 2.1 Conjurations
 + Level 5.9 Fire Magic


You had 2 spell levels left.
You knew the following spells:

 Your Spells              Type           Power      Damage    Failure   Level
a - Foxfire               Conj/Fire      64%        2x1d7     3%          1
b - Scorch                Fire           46%        2d7       2%          2
c - Conjure Flame         Conj/Fire      16%        6-21      10%         3

Your spell library contained the following spells:

 Spells                   Type           Power      Damage    Failure   Level
 Beastly Appendage        Tmut           4%         N/A       19%         1
 Wereblood                Tmut           2%         N/A       26%         2
 Inner Flame              Hex/Fire       12%        N/A       16%         3
 Flame Wave               Conj/Fire      16%        2d7       32%         4
 Spider Form              Tmut/Pois      2%         N/A       47%         3
 Summon Ice Beast         Ice/Summ       2%         N/A       87%         4
 Summon Mana Viper        Hex/Summ       2%         N/A       99%         5
 Monstrous Menagerie      Summ           1%         N/A       100%        7


Dungeon Overview and Level Annotations

Branches:
Dungeon (4/15)
 Temple: D:4-7

Altars:
Dithmenos
Ru
Yredelemnul

Annotations:
D:4 3 runed translucent doors, Edmund


Innate Abilities, Weirdness & Mutations

You have a beak for a mouth.
You have claws for feet.
Your magical nature lets you fly swiftly and evasively.


Message History

Casting: Foxfire (safe; 3% risk of failure)
Confirm with . or Enter, or press ? or * to list all spells.
You conjure some foxfire!
The foxfire hits Edmund.
Edmund is burned terribly!
Edmund is moderately wounded.
The foxfire hits Edmund but does no damage.
Edmund is moderately wounded.
Edmund hits you but does no damage.
You feel drained.
Casting: Foxfire (safe; 3% risk of failure)
Confirm with . or Enter, or press ? or * to list all spells.
You conjure some foxfire!
The foxfire hits Edmund but does no damage.
Edmund is moderately wounded.
The foxfire hits Edmund but does no damage.
Edmund is moderately wounded.
Edmund hits you with a +0 dire flail of draining!
You feel drained.
Your foxfire dissipates!
Edmund is no longer more vulnerable to fire.
The foxfire hits Edmund but does no damage.
Edmund is moderately wounded.
Casting: Foxfire (safe; 3% risk of failure)
Confirm with . or Enter, or press ? or * to list all spells.
You conjure some foxfire!
Edmund hits you with a +0 dire flail of draining.
* * * LOW HITPOINT WARNING * * *
You feel drained.
* * * LOW HITPOINT WARNING * * *
The foxfire hits Edmund.
Edmund is moderately wounded.
The foxfire hits Edmund but does no damage.
Edmund is moderately wounded.
Edmund says, "A flail is better than a scythe, any day of the week!"
Magic courses through your body. Edmund barely misses you.
Casting: Foxfire (safe; 3% risk of failure)
Confirm with . or Enter, or press ? or * to list all spells.
You miscast Scorch.
You are very lightly contaminated with residual magic.
Nothing appears to happen.
Edmund hits you with a +0 dire flail of draining.
You die...

...
#.#.โ‰ˆโ‰ˆโ‰ˆ.#.
... #.#.....##
.... #.########
..... #.......##.
+++####..........
.................
.................
#...ยง@........
#....@........
#####.........
##......#.
#.......#
#......##
......)##
#......##
##.....#


You could see Edmund.

Vanquished Creatures
  An orc wizard (D:3)
  An adder (D:3)
  A dart slug (D:2)
  3 orcs (D:3)
  7 bats
  8 endoplasms
  4 giant cockroaches
  6 goblins
  4 hobgoblins
  16 jackals
  9 quokkas
  5 ball pythons
  3 frilled lizards
  6 kobolds
  7 rats
81 creatures vanquished.

Vanquished Creatures (others)
  179 foxfires
  3 plants (D:3)
182 creatures vanquished.

Grand Total: 263 creatures vanquished

Notes
Turn   | Place    | Note
-------+----------+-------------------------------------------
     0 | D:1      | raph the Tengu Fire Elementalist began the quest for the
                  | Orb.
     0 | D:1      | Reached XP level 1. HP: 10/10 MP: 4/4
   184 | D:1      | Reached XP level 2. HP: 15/15 MP: 1/6
   244 | D:1      | Learned a level 2 spell: Scorch
   332 | D:1      | Reached skill level 4 in Fire Magic
   856 | D:1      | Reached XP level 3. HP: 19/19 MP: 4/7
   860 | D:1      | Learned a level 3 spell: Conjure Flame
  1496 | D:2      | Reached skill level 5 in Fire Magic
  1746 | D:2      | Found a faded altar of an unknown god.
  1929 | D:2      | Reached XP level 4. HP: 24/24 MP: 5/8
  2962 | D:3      | Found a shadowy altar of Dithmenos.
  2963 | D:3      | Found a sacrificial altar of Ru.
  3055 | D:3      | Gained mutation: Your magical nature lets you fly swiftly
                  | and evasively. [Tengu growth]
  3055 | D:3      | Reached XP level 5. HP: 20/28 MP: 3/9
  3374 | D:3      | Found a basalt altar of Yredelemnul.
  3574 | D:4      | Found a runed translucent gate.
  3574 | D:4      | Found a runed translucent gate.
  3574 | D:4      | Found a runed translucent gate.
  3577 | D:4      | Noticed Edmund
  3593 | D:4      | Slain by Edmund

Illustrated notes

Levels and vault maps discovered:
D:1:      scummos_arrival_simple_crosswalls, layout_rooms,
          chequers_serial_rivers_room_b, chequers_serial_rivers_micro_a,
          minivault_5
D:2:      layout_basic, nicolae_ecumenical_lake_church, minmay_ruptured
D:3:      layout_rooms, mainiacjoe_overflow_catch_the_wave, marbit_many_paths
D:4:      layout_cave_pools, mainiacjoe_overflow_alcove_4,
          gammafunk_ghost_cemetery, serial_bayou_crossing, uniq_edmund

Skill      XL: |  1  2  3  4 |
---------------+-------------+-----
Fire Magic     | 4 5 |  5.9
Conjurations   | 2 |  2.1
Dodging        | |  2.1
Stealth        | |  2.0
Spellcasting   | |  2.2

Action                   |  1- 3 |  4- 6 || total
-------------------------+-------+-------++-------
Melee: Unarmed           |     2 |       ||     2
       Kick              |     4 |       ||     4
       Dagger            |     9 |       ||     9
       Peck              |     1 |     1 ||     2
       Long sword        |    11 |     5 ||    16
       Punch             |     1 |       ||     1
 Cast: Foxfire           |    56 |    47 ||   103
       Scorch            |    16 |    16 ||    32
       Conjure Flame     |     2 |       ||     2
  Use: Scroll            |       |     5 ||     5
       Potion            |       |     2 ||     2
 Stab: Sleeping          |     1 |       ||     1
Armor: Robe              |     9 |    14 ||    23
Dodge: Dodged            |    33 |    29 ||    62
